 Dungeon Crawl Stone Soup version 0.31-a0-1447-g87ca8d402b (webtiles) character file.

Game seed: 311721324401941456

47 night the Cutter (level 3, -5/24 HPs)
             Began as a Kobold Chaos Knight on Dec 28, 2023.
             Was a Plaything of Xom.
             Slain by a gnoll
             ... wielding a +0 halberd
              (12 damage)
             ... on level 2 of the Dungeon.
             The game lasted 00:02:35 (1264 turns).

night the Cutter (Kobold Chaos Knight)              Turns: 1264, Time: 00:02:35

Health: -5/24      AC:  7    Str:  9    XL:     3   Next: 97%
Magic:  3/3        EV: 12    Int: 13    God:    Xom [..*...]
Gold:   58         SH:  8    Dex: 16    Spells: 2/2 levels left

rFire   . . .        a - +0 short sword (chaos)
rCold   . . .        h - +0 kite shield
rNeg    . . .        b - +2 leather armour
rPois   .            g - +1 helmet
rElec   .            (no cloak)
rCorr   .            (no gloves)
SInv    .            (no boots)
Will    .....        (no amulet)
Stlth   ++           (no ring)
HPRegen 0.24/turn    (no ring)
MPRegen 0.08/turn

%: no passive effects
@: no status effects
A: small, no large weapons, nightstalker 3
a: Renounce Religion


You were on level 2 of the Dungeon.
You worshipped Xom.
You were a toy of Xom.
You visited 1 branch of the dungeon, and saw 2 of its levels.

You collected 58 gold pieces.

Inventory:

Hand Weapons
 a - a +0 short sword of chaos (weapon)
 p - the +4 hand axe "Orb Guardian's Death" {freeze, rF+}
   (You found it on level 2 of the Dungeon)

   rF+:       It protects you from fire.
Missiles
 i - 4 stones
 l - 9 poisoned darts
Armour
 b - a +2 leather armour (worn)
 g - a +1 helmet (worn)
 h - a +0 kite shield (worn)
Jewellery
 j - a ring of fire
Scrolls
 c - a scroll of butterflies
 d - 2 scrolls of vulnerability {unknown}
 f - a scroll of teleportation {unknown}
 m - a scroll of enchant armour {unknown}
 o - a scroll of amnesia {unknown}
Potions
 e - a potion of mutation {unknown}
 k - a potion of enlightenment {unknown}
 n - 2 potions of cancellation {unknown}
 q - a potion of brilliance {unknown}
 r - a potion of heal wounds {unknown}
 s - a potion of magic {unknown}


   Skills:
 + Level 3.8 Fighting
 + Level 4.6 Short Blades
 - Level 1.0 Armour
 + Level 3.2 Dodging
 + Level 0.7 Shields


You had 2 spell levels left.
You didn't know any spells.
Your spell library contained the following spells:

 Spells                   Type           Power      Damage    Failure   Level
 Apportation              Tloc           0%         N/A       95%         1
 Jinxbite                 Hex            0%         N/A       98%         2
 Inner Flame              Hex/Fire       0%         N/A       100%        3
 Flame Wave               Conj/Fire      0%         2d4       100%        4
 Sticky Flame             Fire/Alch      0%         2d4       100%        4
 Alistair's Intoxication  Alch           0%         N/A       100%        5


Dungeon Overview and Level Annotations

Branches:
Dungeon (2/15)

Altars:


Innate Abilities, Weirdness & Mutations

You are small and have problems with some larger weapons.
You are completely attuned to the shadows.


Message History

You puncture the bat!
You kill the bat!
No target in view!
A gnoll comes into view. It is wielding a +0 halberd.
A gnoll comes into view. It is wielding a +0 club.
A gnoll comes into view. It is wielding a +0 halberd.
The helpless gnoll fails to defend itself.
You puncture the gnoll!
The gnoll shouts!
The gnoll seems to grow stronger.
Xom is amused.
The gnoll is almost dead.
The gnoll shouts! x2
The gnoll hits you with a +0 halberd!
A gnoll comes into view. It is wielding a +0 whip.
The gnoll shouts!
You barely miss the gnoll.
The gnoll is almost dead.
You barely miss the gnoll. The gnoll closely misses you.
You barely miss the gnoll. The gnoll hits you with a +0 club.
The gnoll closely misses you.
You barely miss the gnoll. You block the gnoll's attack.
The gnoll closely misses you.
You hit the gnoll.
The gnoll seems to grow stronger.
The gnoll is moderately wounded.
The gnoll hits you with a +0 club. You block the gnoll's attack.
You barely miss the gnoll.
The gnoll is moderately wounded.
You block the gnoll's attack. x2
You hit the gnoll.
The gnoll looks weaker.
The gnoll is heavily wounded.
You block the gnoll's attack. The gnoll barely misses you.
You hit the gnoll but do no damage.
The gnoll seems to speed up.
The gnoll is heavily wounded.
The gnoll hits you with a +0 club.
* * * LOW HITPOINT WARNING * * *
The gnoll hits you from afar with a +0 halberd!
Ouch! That really hurt!
You die...
Xom is highly amused!

#.#
#.##.#.#.##P
#.#
#...........
#.###
.......#.###
#...# .....
###.# ####.#
#....#
#.#### #@#
#g# #g# #g#
#g.


You could see 4 gnolls.

Vanquished Creatures
  An adder (D:2)
  A worm (D:2)
  2 endoplasms
  A giant cockroach (D:2)
  3 hobgoblins
  2 quokkas
  5 ball pythons
  5 bats
  2 frilled lizards
  2 goblins (D:1)
  2 kobolds
  8 rats
34 creatures vanquished.

Notes
Turn   | Place    | Note
-------+----------+-------------------------------------------
     0 | D:1      | night the Kobold Chaos Knight began the quest for the Orb.
     0 | D:1      | Reached XP level 1. HP: 14/14 MP: 1/1
   152 | D:1      | Reached skill level 1 in Armour
   186 | D:1      | Reached XP level 2. HP: 19/19 MP: 2/2
   435 | D:1      | Reached XP level 3. HP: 23/23 MP: 3/3
   450 | D:1      | XOM: divination: detect items
   514 | D:1      | XOM: silly message
   627 | D:1      | Found a faded altar of an unknown god.
   874 | D:1      | XOM: divination: magic mapping
   933 | D:2      | XOM: stealth player
  1033 | D:2      | Identified the +4 hand axe "Orb Guardian's Death" {freeze,
                  | rF+}
  1264 | D:2      | Slain by a gnoll

Illustrated notes

Levels and vault maps discovered:
D:1:      elethiomel_arrival_diamonds, layout_basic,
          shapermc_ecumenical_altar_acropolis, minmay_misc_feat_enclosed,
          minmay_crystal_water
D:2:      layout_loops_cross, minmay_hedge_maze

Skill      XL: |  1  2  3 |
---------------+----------+-----
Armour         | 1 |  1.0
Dodging        | 3 |  3.2
Fighting       | |  3.8
Short Blades   | |  4.6
Shields        | |  0.7

Action                     || total
---------------------------++-------
  Melee: Short sword       ||    88
   Stab: Sleeping          ||    13
         Distracted        ||     1
 Armour: Leather armour    ||    29
  Dodge: Dodged            ||    34
  Block: Kite shield       ||    26

Table legend: (Time is in decaauts)
 A = Elapsed time spent in this place.
 B = Non-inter-level travel time spent in this place.
 C = Inter-level travel time spent in this place.
 D = Time resting spent in this place.
 E = Time spent auto-exploring this place.
 F = Levels seen in this place.
 G = Mean time per level.
                   A        B        C        D        E       F      G
               +--------+--------+--------+--------+--------+-----+--------+
         Total |   1268 |   1246 |     22 |      0 |    989 |   2 |  634.0 |
       Dungeon |   1268 |   1246 |     22 |      0 |    989 |   2 |  634.0 |
               +--------+--------+--------+--------+--------+-----+--------+

Top non-repeatable levels by time:
     D:1: 936 daAuts
     D:2: 332 daAuts
